 Dungeon Crawl Stone Soup version 0.29-a0-334-gb41bcbb86e (webtiles) character file.

Game seed: 7984996944057832863

7 zishaf the Covered (level 2, -1/21 HPs)
             Began as a Human Wanderer on Apr 14, 2022.
             Slain by a gnoll
             ... wielding a +0 spear
              (7 damage)
             ... on level 1 of the Dungeon.
             The game lasted 00:00:57 (362 turns).

zishaf the Covered (Human Wanderer)                  Turns: 362, Time: 00:00:57

Health: -1/21      AC:  5    Str: 10    XL:     2   Next: 10%
Magic:  3/3        EV:  8    Int: 15    God:
Gold:   16         SH:  6    Dex: 11    Spells: 3/3 levels left

rFire   . . .      SeeInvis .   a - +0 dagger
rCold   . . .      Faith    .   f - +0 kite shield
rNeg    . . .      Spirit   .   c - +0 ring mail
rPois   .          Reflect  .   (no helmet)
rElec   .          Harm     .   (no cloak)
rCorr   .          Rampage  .   (no gloves)
Will    .....                   (no boots)
Stlth   +.........              (no amulet)
HPRegen 0.07/turn               (no ring)
MPRegen 0.08/turn               (no ring)

@: no status effects
A: no striking features
a: no special abilities


You were on level 1 of the Dungeon.
You visited 1 branch of the dungeon, and saw 1 of its levels.

You collected 16 gold pieces.

Inventory:

Hand Weapons
 a - a +0 dagger (weapon)
Armour
 c - a +0 ring mail (worn)
 f - a +0 kite shield (worn)
Scrolls
 b - a scroll of blinking
Potions
 d - a potion of brilliance {unknown}
 e - a potion of experience {unknown}
 g - a potion of resistance {unknown}


   Skills:
 + Level 1.3 Fighting
 - Level 3.0 Armour
 - Level 1.0 Dodging
 - Level 1.0 Stealth
 + Level 0.6 Shields
 - Level 1.0 Spellcasting
 - Level 2.0 Translocations
 - Level 2.0 Ice Magic


You had 3 spell levels left.
You didn't know any spells.
Your spell library contained the following spells:

 Spells                   Type           Power      Damage    Failure   Level
 Apportation              Tloc           12%        N/A       67%         1
 Freeze                   Ice            24%        1d5       67%         1
 Ensorcelled Hibernation  Hex/Ice        6%         N/A       91%         2
 Frozen Ramparts          Ice            12%        1d3       95%         3
 Teleport Other           Tloc           6%         N/A       95%         3


Dungeon Overview and Level Annotations

Branches:
Dungeon (1/15)

Altars:


Message History

The gnoll barely misses you.
You hit the gnoll but do no damage.
The gnoll is lightly wounded.
The gnoll hits you with a +0 spear.
You hit the gnoll.
The gnoll is moderately wounded.
The gnoll hits you with a +0 spear.
* * * LOW HITPOINT WARNING * * *
The gnoll closely misses you.
You hit the gnoll.
The gnoll is heavily wounded.
You block the gnoll's attack.
You hit the gnoll but do no damage.
The gnoll is heavily wounded.
You block the gnoll's attack.
You barely miss the gnoll.
The gnoll is heavily wounded.
You block the gnoll's attack.
You hit the gnoll but do no damage.
The gnoll is heavily wounded.
The gnoll barely misses you.
You hit the gnoll but do no damage.
The gnoll is heavily wounded.
You block the gnoll's attack. The gnoll hits you but does no damage.
You hit the gnoll but do no damage.
The gnoll is heavily wounded.
You block the gnoll's attack.
You barely miss the gnoll.
The gnoll is heavily wounded.
The gnoll misses you.
You hit the gnoll.
The gnoll is heavily wounded.
You block the gnoll's attack.
You closely miss the gnoll.
The gnoll is heavily wounded.
You block the gnoll's attack.
You hit the gnoll but do no damage.
The gnoll is heavily wounded.
The gnoll hits you with a +0 spear!
You die...

....########
...........#
#.......##.#
#######.##.#
#.##.#######
#.##.......#
#.########$#
#.. ♣.♣ ###
#@# ♣g♣ #.#
♣.♣ ..# ###


You could see a gnoll.

Vanquished Creatures
  3 bats (D:1)
  2 goblins (D:1)
  A frilled lizard (D:1)
  A rat (D:1)
7 creatures vanquished.

Notes
Turn   | Place    | Note
-------+----------+-------------------------------------------
     0 | D:1      | zishaf the Human Wanderer began the quest for the Orb.
     0 | D:1      | zishaf set off with the following items: a +0 dagger, a
                  | scroll of blinking, a +0 ring mail; and the following
                  | spells available to memorise: Apportation, Freeze,
                  | Ensorcelled Hibernation, Frozen Ramparts, Teleport Other
     0 | D:1      | Reached XP level 1. HP: 13/13 MP: 2/2
   126 | D:1      | Reached skill level 1 in Fighting
   253 | D:1      | Reached XP level 2. HP: 21/21 MP: 3/3
   362 | D:1      | Slain by a gnoll

Illustrated notes

Levels and vault maps discovered:
D:1:      amcnicky_arrival_abandoned_market, layout_basic,
          shapermc_ecumenical_altar_ellora, serial_forest,
          infiniplex_forest_clump_tiny, infiniplex_forest_lined_1,
          infiniplex_forest_lined_room_, infiniplex_forest_3_way,
          infiniplex_forest_lined_4_way, infiniplex_forest_zigzag_1

Skill      XL: |  1 |
---------------+----+-----
Fighting       | 1 |  1.3
Armour         | |  3.0
Dodging        | |  1.0
Stealth        | |  1.0
Shields        | |  0.6
Spellcasting   | |  1.0
Translocations | |  2.0
Ice Magic      | |  2.0

Action                   || total
-------------------------++-------
Melee: Dagger            ||    55
Armor: Ring mail         ||    18
Dodge: Dodged            ||    30
Block: Kite shield       ||    22

Table legend: (Time is in decaauts)
 A = Elapsed time spent in this place.
 B = Non-inter-level travel time spent in this place.
 C = Inter-level travel time spent in this place.
 D = Time resting spent in this place.
 E = Time spent auto-exploring this place.
 F = Levels seen in this place.
 G = Mean time per level.
                   A        B        C        D        E       F      G
               +--------+--------+--------+--------+--------+-----+--------+
         Total |    370 |    370 |      0 |      0 |    228 |   1 |  370.0 |
       Dungeon |    370 |    370 |      0 |      0 |    228 |   1 |  370.0 |
               +--------+--------+--------+--------+--------+-----+--------+

Top non-repeatable levels by time:
     D:1: 370 daAuts
